Map: Dusk Towers

Players

bleedthesky

  • Race: Zerg Zerg
  • League: Diamond

Hindulaatti - Winner!

  • Race: Zerg Zerg

VOD

Have the link to the VOD?

Description

Time

  • Played on: Feb. 7, 2016, 2:54 p.m.
  • Length: 9:29
Show
View Real Time Build Order
Export as new Build Order

bleedthesky Zerg 

Build Orders: Hatch First 

Get SALT Encoding   

  12  0:01  Drone  
  13  0:15  Overlord  
  13  0:19  Drone  
  14  0:33  Drone  
  14  0:34  Drone  
  16  0:38  Drone  
  17  0:54  Hatchery  
  16  0:57  Drone  
  17  1:04  Extractor  
  17  1:05  Drone  
  17  1:17  Spawning Pool  
  16  1:19  Drone  
  17  1:25  Overlord  
  17  1:32  Drone  
  18  1:43  Drone  
  19  1:52  Drone  
  20  2:09  Queen x2  
  20  2:11  Zergling x2  
  25  2:18  Drone  
  25  2:19  Drone x2  
  28  2:34  Roach Warren  
  27  2:37  Overlord  
  27  2:40  Overlord  
  27  3:13  Roach x2  
  27  3:14  Roach x4  
  38  3:24  Roach x3  
  38  3:25  Roach x2  
  48  3:36  Roach x2  
  52  3:51  Overlord x2  
  52  3:52  Overlord  
  52  4:14  Lair  
  52  4:15  Hatchery  
  51  4:22  Drone x3  
  54  4:28  Drone x2  
  56  4:32  Drone x2  
  58  4:38  Drone  
  58  4:39  Drone  
  58  4:41  Drone  
  58  4:45  Drone  
  62  4:57  Drone  
  62  4:58  Drone x5  
  68  5:01  Drone  
  68  5:04  Extractor  
  68  5:07  Extractor  
  67  5:11  Evolution Chamber, Roach x2  
  70  5:15  Roach  
  68  5:30  Drone  
  68  5:31  Drone x4  
  69  5:47  Queen  
  69  6:00  Glial Reconstitution  
  69  6:04  Drone x2  
  69  6:05  Drone x3  
  69  6:07  Roach x2  
  69  6:08  Roach x2  
  82  6:12  Zerg Missile Weapons Level 1  
  82  6:18  Overlord x2  
  82  6:27  Spine Crawler  
  82  6:29  Drone  
  82  6:32  Overlord x2  
  82  6:39  Overseer  
  82  6:43  Ravager x4  
  87  6:47  Drone x2  
  87  6:48  Drone x2  
  87  6:52  Drone x3  
  87  6:53  Extractor  
  92  6:58  Drone x3  
  92  6:59  Drone  
  96  7:04  Drone x2  
  96  7:06  Drone  
  96  7:07  Drone  
  100  7:12  Drone x3  
  103  7:19  Drone x4  
  103  7:20  Drone  
  108  7:26  Overlord x2  
  98  7:58  Drone  
  98  7:59  Drone x4  
  98  8:01  Drone x5  
  98  8:03  Drone  
  109  8:06  Roach x3, Extractor  
  109  8:07  Extractor  
  113  8:19  Roach x4  
  121  8:24  Overlord x4  
  121  8:31  Roach x5  
  103  8:39  Roach x4  
  89  8:49  Roach x3  
  89  8:54  Roach x2  
  89  8:55  Roach x2  
  94  8:59  Roach x3  
  94  9:00  Roach x2  
  98  9:06  Roach x4  
Show
View Real Time Build Order
Export as new Build Order

Hindulaatti Zerg - Winner!

Build Orders: Hatch First 

Get SALT Encoding   

  12  0:01  Drone  
  13  0:09  Drone  
  14  0:18  Drone, Extractor  
  14  0:19  Extractor  
  13  0:22  Drone  
  16  0:43  Hatchery  
  15  0:53  Extractor  
  14  0:57  Extractor  
  14  0:58  Drone  
  14  1:03  Spawning Pool  
  15  1:05  Extractor  
  15  1:10  Overlord  
  14  1:30  Drone x3  
  17  1:41  Drone  
  18  1:52  Queen  
  20  2:04  Queen  
  20  2:05  Drone x3  
  25  2:08  Metabolic Boost  
  25  2:27  Overlord  
  25  2:31  Drone x3  
  28  2:39  Baneling Nest  
  27  2:47  Zergling x2  
  27  2:48  Zergling x6  
  31  2:55  Roach Warren  
  30  3:03  Drone x4  
  34  3:16  Drone x2  
  34  3:17  Overlord  
  36  3:32  Lair  
  36  3:36  Drone x2  
  36  3:37  Drone x4, Extractor  
  41  3:49  Drone x3  
  44  3:55  Baneling  
  42  4:15  Overlord  
  42  4:16  Overlord x3  
  42  4:34  Hatchery, Roach x6  
  53  4:41  Roach x3  
  53  4:45  Glial Reconstitution  
  59  5:05  Roach x5  
  69  5:15  Evolution Chamber  
  68  5:25  Roach x4  
  74  5:44  Roach  
  74  5:45  Overlord  
  74  5:46  Overlord x2  
  76  5:55  Hatchery  
  75  6:06  Zerg Missile Weapons Level 1  
  75  6:10  Evolution Chamber, Roach  
  75  6:11  Hydralisk Den  
  73  6:12  Extractor  
  73  6:13  Extractor  
  71  6:21  Drone  
  71  6:22  Drone x7  
  79  6:28  Ravager  
  79  6:29  Ravager  
  80  6:36  Overseer  
  80  6:50  Zergling x2  
  80  6:51  Zergling x14  
  88  7:02  Ravager  
  88  7:03  Ravager  
  88  7:04  Ravager  
  88  7:05  Overlord x2  
  91  7:09  Extractor  
  91  7:11  Extractor  
  91  7:15  Queen  
  89  7:17  Hydralisk  
  89  7:18  Hydralisk x2  
  97  7:30  Roach  
  97  7:31  Roach x5  
  107  7:38  Baneling  
  107  7:43  Hydralisk  
  107  7:44  Hydralisk  
  105  8:10  Drone x11  
  102  8:40  Hydralisk  
  102  8:41  Hydralisk x5  
  98  8:44  Zergling x12  
  106  9:02  Zergling x2  
  105  9:03  Hydralisk  
  105  9:04  Hydralisk x4  
Tags
 
League
Diamond
Matchup
ZvZ
Race
Zerg
Replay Pack
22.2.2016
Add a new tag
Caveats
  • Supply blocks, unpowered buildings, or Contaminate may cause inaccurate times.
  • Supply counts are checked every 10 seconds.